 Dungeon Crawl Stone Soup version 0.25-a0-388-g41a7e554cb (webtiles) character file.

Game seed: 10326966244813351643, levelgen mode: deterministic

3976 night the Thaumaturge (level 10, -7/69 HPs)
             Began as a Red Draconian Venom Mage on Jan 7, 2020.
             Was a Priest of Sif Muna.
             Killed from afar by an electric eel (12 damage)
             ... with a bolt of electricity
             ... on level 9 of the Dungeon.
             The game lasted 00:30:02 (7716 turns).

night the Thaumaturge (Red Draconian Venom Mage)    Turns: 7716, Time: 00:30:02

Health: -7/69      AC:  8    Str: 11 (13) XL:     10   Next: 2%
Magic:  5/23       EV: 12    Int: 18 (19) God:    Sif Muna [***...]
Gold:   106        SH:  0    Dex: 10 (12) Spells: 9/27 levels left

rFire    + . .     SeeInvis .   v - +2 short sword (venom)
rCold    . . .     Gourm    .   (no shield)
rNeg     . . .     Faith    .   (armour unavailable)
rPois    .         Spirit   .   (helmet restricted)
rElec    .         Reflect  .   c - +0 cloak
rCorr    .         Harm     .   (no gloves)
MR       .....                  (no boots)
Stlth    ++........             (no amulet)
HPRegen  0.21/turn              n - +3 ring of strength
MPRegen  0.18/turn              (no ring)

@: marked
A: breathe fire, unfitting armour, fire resistance 1, cold-blooded, AC +7
a: Breathe Fire, Channel Magic, Forget Spell, Renounce Religion


You were on level 9 of the Dungeon.
You worshipped Sif Muna.
Sif Muna was most pleased with you.
You were not hungry.

You visited 1 branch of the dungeon, and saw 9 of its levels.

You collected 476 gold pieces.
You spent 370 gold pieces at shops.

Inventory:

Hand Weapons
 h - a +0 dagger
 i - a +0 short sword
 s - a +0 shortbow
 v - a +2 short sword of venom (weapon)
 I - a +1 hand axe of freezing
Missiles
 j - 18 boomerangs (quivered)
 r - 178 arrows
Armour
 c - a +0 cloak (worn)
 D - a +2 shield of reflection
Jewellery
 n - a +3 ring of strength (left hand)
 t - an uncursed ring of stealth
 x - an uncursed ring of stealth
 y - a +6 ring of dexterity
 A - an uncursed ring of fire
 H - an uncursed ring of poison resistance {unknown}
Wands
 E - a wand of digging (5)
 K - a wand of iceblast (5)
Scrolls
 d - 9 scrolls of identify
 f - 5 scrolls of remove curse
 p - 3 scrolls of amnesia
 q - a scroll of teleportation
 w - 2 scrolls of enchant weapon {unknown}
 B - 3 scrolls of blinking
 F - a scroll of holy word {unknown}
 J - a scroll of acquirement {unknown}
Potions
 a - 2 potions of brilliance {unknown}
 e - 2 potions of agility
 g - a potion of degeneration
 k - 2 potions of lignification {unknown}
 l - 2 potions of curing {unknown}
 m - 3 potions of flight {unknown}
 o - a potion of resistance {unknown}
 u - a potion of ambrosia {unknown}
 z - a potion of heal wounds
 C - a potion of might {unknown}
Comestibles
 b - 8 rations
 G - 2 chunks of flesh


   Skills:
 - Level 1.7 Dodging
 - Level 1.7 Stealth
 + Level 9.0 Spellcasting
 + Level 5.2 Conjurations
 - Level 1.0 Transmutations
 + Level 6.3 Fire Magic
 - Level 8.4 Poison Magic


You had 9 spell levels left.
You knew the following spells:

 Your Spells              Type           Power        Failure   Level  Hunger
a - Sting                 Tmut/Pois      ####         1%          1    None
b - Poisonous Vapours     Pois/Air       ###...       2%          2    None
c - Ignite Poison         Fire/Tmut/Pois ####....     3%          3    None
d - Olgreb's Toxic Radia  Pois           #####...     2%          4    ###....
e - Mephitic Cloud        Conj/Pois/Air  ###.....     4%          3    None
f - Fireball              Conj/Fire      ####......   22%         5    #####..

Your spell library contained the following spells:

 Spells                   Type           Power        Failure   Level  Hunger
 Foxfire                  Conj/Fire      ####         1%          1    None
 Conjure Flame            Conj/Fire      ####....     2%          3    None
 Inner Flame              Hex/Fire       ###.....     7%          3    None
 Sandblast                Erth           #.....       9%          1    None
 Stone Arrow              Conj/Erth      ###...       9%          3    None
 Sticky Flame             Conj/Fire      ####....     9%          4    ###....
 Passwall                 Tmut/Erth      #.......     11%         2    None
 Petrify                  Tmut/Erth      #.......     56%         4    ###....
 Lee's Rapid Deconstruct  Erth           #.........   94%         5    #####..


Dungeon Overview and Level Annotations

Branches:
Dungeon (9/15)             Temple (0/1) D:6
   Lair: D:8-11         Orc: D:9-12

Altars:
Ashenzari
Elyvilon
Fedhas
Makhleb
Ru
Sif Muna
Trog
Uskayaw
The Shining One

Shops:
D:6 [   D:7 ?

Annotations:
D:8 Harold


Innate Abilities, Weirdness & Mutations

You can breathe blasts of fire.
Your fiery red scales are hard. (AC +7)
You cannot fit into any form of body armour.
Your flesh is heat resistant. (rF+)
You are cold-blooded and may be slowed by cold attacks.


Message History

Found a ring of fire and a bone ring.
There is a stone staircase leading up here.
As you read the scroll labeled YHEWAELE MUSIED, it crumbles to dust.
It is a scroll of amnesia.
Really abort (and waste the scroll)?
Okay, then.
As you read the scroll labeled JEYGAYG JENKETH, it crumbles to dust.
You feel strangely unstable.
It was a scroll of teleportation.
The crimson imp blinks!
An electric eel comes into view.
The electric eel shoots out a bolt of lightning at you!
The bolt of electricity hits you!
* * * LOW HITPOINT WARNING * * *
You hear a bark!
You hear a howl! x2; You hear a bark!
Your surroundings suddenly seem different.
You hear a bark!
You hear a shout!
You hear a howl!
The quokka barely misses you.
The electric eel shoots out a bolt of lightning at you!
The bolt of electricity hits you!
You die...

.........
.........
≈.......#
.≈..≈...#
...≈....# #...
≈≈≈≈....# #....=.
;≈≈≈....##.......
≈≈≈....@.........
≈≈≈.≈.##r........
≈≈≈.. ##.........
≈.≈≈. #..........
≈≈....#..........
≈.≈≈.....<.......
≈≈.........=.....
.≈...............
......#..........


You could see an electric eel and a quokka.

Vanquished Creatures
  Erica (D:8)
  Pikel (D:8)
  Maggie (D:8)
  A hippogriff (D:8)
  2 slaves (D:8)
  A black bear (D:6)
  An ice beast (D:8)
  2 ogres
  6 phantoms
  3 centaurs
  3 bullfrogs
  A wyvern skeleton (D:6)
  A howler monkey (D:6)
  3 crimson imps
  A bullfrog zombie (D:7)
  4 hounds
  2 jellies
  3 orc priests
  3 orc wizards
  2 iguanas (D:5)
  4 worker ants
  2 hound zombies
  3 hound skeletons
  A howler monkey zombie (D:5)
  13 adders
  7 gnolls
  A howler monkey skeleton (D:7)
  2 shadow imps
  3 oozes
  3 worms
  A dart slug (D:4)
  7 leopard geckos
  15 orcs
  2 giant cockroaches
  8 goblins
  5 hobgoblins
  4 jackals
  A quokka (D:7)
  4 ball pythons
  5 bats
  5 frilled lizards
  7 kobolds
  2 quokka skeletons (D:5)
  A quokka zombie (D:5)
  7 rats
155 creatures vanquished.

Vanquished Creatures (others)
  A slave (D:8)
1 creature vanquished.

Grand Total: 156 creatures vanquished

Notes
Turn   | Place    | Note
-------+----------+-------------------------------------------
     0 | D:1      | night the Draconian Venom Mage began the quest for the Orb.
     0 | D:1      | Reached XP level 1. HP: 14/14 MP: 3/3
   501 | D:1      | Reached XP level 2. HP: 20/20 MP: 3/5
   570 | D:1      | Learned a level 2 spell: Poisonous Vapours
   993 | D:2      | Reached XP level 3. HP: 21/26 MP: 4/7
  1132 | D:2      | Found a glowing golden altar of the Shining One.
  1147 | D:2      | Found a bloodstained altar of Trog.
  1423 | D:2      | You fall into a shaft and drop 2 floors!
  1452 | D:4      | Reached skill level 3 in Spellcasting
  1546 | D:4      | Reached XP level 4. HP: 17/33 MP: 3/8
  1828 | D:4      | Learned a level 3 spell: Mephitic Cloud
  1881 | D:3      | Noticed a centaur
  1885 | D:3      | Killed a centaur
  1885 | D:3      | Reached XP level 5. HP: 17/38 MP: 1/10
  2090 | D:3      | Found a shimmering blue altar of Sif Muna.
  2093 | D:3      | Became a worshipper of Sif Muna the Loreminder
  2272 | D:3      | Reached skill level 4 in Spellcasting
  2404 | D:3      | Reached skill level 5 in Poison Magic
  2453 | D:3      | Learned a level 4 spell: Olgreb's Toxic Radiance
  2464 | D:3      | Found a shattered altar of Ashenzari.
  2704 | D:2      | Reached * piety under Sif Muna
  2704 | D:2      | Reached XP level 6. HP: 39/45 MP: 6/12
  2709 | D:2      | Learned a level 3 spell: Ignite Poison
  2858 | D:2      | Found a burning altar of Makhleb.
  2858 | D:2      | Noticed a blizzard demon
  2862 | D:2      | Noticed an orange demon
  2862 | D:2      | Noticed a hellwing
  3322 | D:5      | Entered Level 5 of the Dungeon
  3591 | D:5      | Reached skill level 5 in Spellcasting
  3591 | D:5      | Your scales start taking on a fiery red colour.
  3591 | D:5      | Reached XP level 7. HP: 38/50 MP: 14/14
  3591 | D:5      | Gained mutation: Your flesh is heat resistant. (rF+) [Red
                  | Draconian growth]
  4034 | D:4      | Reached ** piety under Sif Muna
  4490 | D:5      | Found a white marble altar of Elyvilon.
  4512 | D:5      | Reached skill level 6 in Spellcasting
  4695 | D:5      | Found a blossoming altar of Fedhas.
  4731 | D:5      | Reached XP level 8. HP: 41/57 MP: 6/17
  5650 | D:6      | Found Satel's Antique Armour Emporium.
  5653 | D:6      | Bought a cloak for 108 gold pieces
  5653 | D:6      | Bought a shiny shield for 180 gold pieces
  5691 | D:6      | Reached skill level 7 in Spellcasting
  5961 | D:6      | Learned a level 5 spell: Fireball
  5995 | D:6      | Found a staircase to the Ecumenical Temple.
  6194 | D:7      | Found Rojath's Magic Scroll Emporium.
  6225 | D:7      | Bought a scroll of blinking for 82 gold pieces
  6283 | D:7      | Reached skill level 1 in Conjurations
  6283 | D:7      | Reached skill level 1 in Fire Magic
  6492 | D:7      | Reached *** piety under Sif Muna
  6612 | D:7      | Reached XP level 9. HP: 59/62 MP: 20/20
  6713 | D:7      | Found a hide-covered altar of Uskayaw.
  6713 | D:7      | Found a sacrificial altar of Ru.
  6767 | D:8      | Noticed Maggie
  6828 | D:8      | Killed Maggie
  6828 | D:8      | Reached skill level 8 in Spellcasting
  7281 | D:8      | Noticed Harold
  7392 | D:8      | Noticed Pikel
  7405 | D:8      | Killed Pikel
  7405 | D:8      | Reached skill level 5 in Fire Magic
  7516 | D:8      | Noticed Erica
  7522 | D:8      | Killed Erica
  7522 | D:8      | Reached skill level 5 in Conjurations
  7532 | D:8      | Reached XP level 10. HP: 12/69 MP: 0/22
  7686 | D:8      | Reached skill level 9 in Spellcasting
  7711 | D:9      | Noticed a two-headed ogre
  7716 | D:9      | Killed from afar by an electric eel

Levels and vault maps discovered:
D:1:      ncdulo_smallfort, layout_loops_cross
D:2:      layout_rooms, nicolae_overflow_crystal_walls, lemuel_round_altar,
          makhleb_altar_promises_db
D:3:      layout_rooms, lemuel_doored_altar, lemuel_round_altar
D:4:      layout_gridville, minmay_between
D:5:      layout_cave_pools, kennysheep_mini, elyvilon_altar_1, first_ration
D:6:      layout_cave_pools, minmay_temple_entry_mini_moons, serial_shops,
          kennysheep_mini_moat
D:7:      layout_basic, gammafunk_temple_overflow_elements, serial_shops,
          nicolae_shop_trees
D:8:      layout_basic, serial_shops, nicolae_shop_waterfront, grunt_pizzeria,
          uniq_erica, uniq_harold, uniq_maggie, uniq_pikel, uniq_joseph
D:9:      layout_cave_pools, kb_xom_exploding_sheep, erik_lair_island

Skill      XL: |  1  2  3  4  5  6  7  8  9 10 |
---------------+-------------------------------+-----
Spellcasting   | 3 4 5 6 7 8 9 |  9.0
Poison Magic   | 4 5 6 7 8 |  8.4
Conjurations   | 2 5 |  5.2
Fire Magic     | 2 6 |  6.3
Dodging        | |  1.7
Stealth        | |  1.7
Transmutations | |  1.0

Action                   |  1- 3 |  4- 6 |  7- 9 | 10-12 || total
-------------------------+-------+-------+-------+-------++-------
Melee: Unarmed           |     3 |       |       |       ||     3
       Dagger            |     2 |       |       |       ||     2
       Short sword       |    14 |    69 |   173 |    11 ||   267
       Tailslap          |       |     9 |    27 |       ||    36
 Cast: Sting             |    35 |    45 |    52 |       ||   132
       Poisonous Vapours |     9 |    39 |    30 |     2 ||    80
       Mephitic Cloud    |       |     2 |     7 |     5 ||    14
       Olgreb's Toxic Ra |       |     1 |    20 |       ||    21
       Ignite Poison     |       |       |     8 |     3 ||    11
 Abil: Breathe Fire      |       |       |     5 |       ||     5
Evoke: Wand              |       |       |       |     1 ||     1
  Use: Scroll            |       |       |       |     3 ||     3
       Potion            |       |       |       |     3 ||     3
 Stab: Sleeping          |       |     1 |     2 |       ||     3
       Confused          |       |       |     1 |       ||     1
  Eat: Chunk             |     3 |     7 |    16 |     1 ||    27
Armor: Skin              |     3 |    31 |    68 |     5 ||   107
Dodge: Dodged            |    26 |    48 |   135 |     8 ||   217

Table legend:
 A = Non-vault XP
 B = Vault XP
 C = Vault XP percentage of total XP
 D = Non-vault monster count
 E = Vault monster count
 F = Vault count percentage of total count
                 A         B        C        D         E       F
            +---------+---------+-------+---------+---------+-------
      Total |    3734 |    1947 |  34.3 |     148 |       5 |   3.3
            +---------+---------+-------+---------+---------+-------
        D:1 |      19 |       0 |   0.0 |      13 |       0 |   0.0
        D:2 |     105 |       0 |   0.0 |      18 |       0 |   0.0
        D:3 |     231 |       0 |   0.0 |      22 |       0 |   0.0
        D:4 |     469 |      35 |   6.9 |      28 |       2 |   6.7
        D:5 |     757 |       0 |   0.0 |      24 |       0 |   0.0
        D:6 |     762 |       0 |   0.0 |      19 |       0 |   0.0
        D:7 |     429 |       0 |   0.0 |      11 |       0 |   0.0
        D:8 |     962 |    1912 |  66.5 |      13 |       3 |  18.8
            +---------+---------+-------+---------+---------+-------
